AoeStats
← gameboy506

Oasis

508808525Analyzed
3v3 RM · 6d ago on Sep 24, 2026· 49m 49s· 6 players
Game mode
Random Map
Map size
Normal (6 player)
Population
200
Speed
Normal
Resources
Standard
Victory
Conquest
Starting age
Dark Age
Ending age
Imperial Age
RankedLock teamsTeams togetherTeam positionsShared explorationLock speedFull tech treeHidden civsTurbo modeCheats
Victory
Defeat
🇺🇸 Italians · United States
1236
+8
🇲🇽 Saracens · Mexico
1103
+12
🇫🇷 Byzantines · France
1092
+13
🇹🇼 Burgundians · Taiwan
1048
-12
🇹🇼 Celts · Taiwan
1025
-11
🇹🇼 Huns · Taiwan
996
-10
gameboy506
8:42 Loom
11:02 Feudal Age
11:55 Double-Bit Axe
14:00 Horse Collar
19:14 Castle Age
19:26 Elite Skirmisher
22:18 Fletching
24:19 Bodkin Arrow
36:59 Padded Archer Armor
38:37 Bow Saw
39:07 Town Watch
40:04 Leather Archer Armor
43:37 Gold Mining
右臂刺著貓頭鷹
9:41 Feudal Age
10:42 Double-Bit Axe
10:40 Horse Collar
21:48 Castle Age
20:21 Gold Mining
21:29 Bloodlines
21:20 Fletching
21:36 Scale Barding Armor
23:38 Gold Shaft Mining
24:08 Bodkin Arrow
24:59 Thumb Ring
26:07 Husbandry
27:01 Light Cavalry
30:57 Padded Archer Armor
33:41 Chain Barding Armor
34:59 Leather Archer Armor
35:12 Ballistics
35:59 Forging
40:01 Iron Casting
44:55 Imperial Age
45:27 Heavy Cavalry Archer
47:51 Bracer
Pineapple_Hsiao
7:45 Double-Bit Axe
11:16 Feudal Age
10:59 Horse Collar
15:38 Forging
21:40 Heavy Plow
24:52 Castle Age
26:00 Bow Saw
26:03 Husbandry
25:26 Cavalier
25:37 Elite Skirmisher
26:49 Gold Mining
27:38 Stone Mining
29:25 Wheelbarrow
29:29 Scale Barding Armor
29:25 Padded Archer Armor
29:42 Fletching
32:05 Gold Shaft Mining
33:10 Chain Barding Armor
35:13 Burgundian Vineyards
37:04 Hand Cart
38:09 Two-Man Saw
40:55 Imperial Age
40:36 Stone Shaft Mining
40:53 Caravan
42:01 Conscription
42:56 Chemistry
41:40 Paladin
43:07 Iron Casting
43:31 Leather Archer Armor
43:13 Bodkin Arrow
43:12 Treadmill Crane
44:31 Crop Rotation
46:47 Light Cavalry
49:19 Plate Barding Armor
49:45 Blast Furnace
GloatingRumble2
10:42 Feudal Age
14:48 Castle Age
12:53 Fletching
13:09 Gold Mining
13:49 Double-Bit Axe
14:14 Loom
16:31 Bodkin Arrow
21:44 Ballistics
22:52 Padded Archer Armor
30:08 Wheelbarrow
29:38 Horse Collar
36:41 Imperial Age
37:58 Conscription
38:16 Bracer
42:27 Thumb Ring
43:45 Chemistry
44:42 Town Watch
46:12 Elite Genoese Crossbowman
49:02 Hand Cart
48:48 Town Patrol
49:54 Masonry
OM | SOMBRASV1
3:29 Loom
10:32 Feudal Age
11:13 Double-Bit Axe
13:26 Scale Barding Armor
14:24 Forging
21:38 Castle Age
20:09 Gold Mining
21:30 Stone Mining
22:31 Padded Archer Armor
24:24 Crossbowman
25:56 Leather Archer Armor
28:32 Gold Shaft Mining
29:37 Fletching
35:57 Horse Collar
41:16 Imperial Age
41:45 Wheelbarrow
45:55 Arbalester
48:10 Bodkin Arrow
Holylight
6:01 Loom
9:52 Feudal Age
10:41 Double-Bit Axe
11:01 Horse Collar
12:49 Wheelbarrow
16:14 Forging
21:11 Castle Age
19:19 Stone Mining
19:36 Gold Mining
20:30 Scale Barding Armor
22:25 Hand Cart
23:01 Heavy Plow
23:57 Iron Casting
23:44 Chain Barding Armor
23:28 Husbandry
24:08 Light Cavalry
26:16 Bow Saw
38:12 Imperial Age
36:20 Gold Shaft Mining
38:31 Hussar
38:34 Heavy Camel Rider
39:54 Plate Barding Armor
39:43 Conscription
40:23 Elite Cataphract
42:07 Logistica
Connection lost

Rejoining the realm…

Still unreachable

The connection could not be restored.

Session expired

The server has moved on; the page needs a fresh start.